 Dungeon Crawl Stone Soup version 0.13-a0-3133-gec0fa00 (webtiles) character file.

90340 JacquesDerrida the Impaler (level 15, -11/97 HPs)
             Began as a Demonspawn Summoner on Sept 13, 2013.
             Was a High Priest of Ashenzari.
             Killed from afar by a dragon (40 damage)
             ... with a blast of flame
             ... on Level 18 of the Dungeon on Sept 21, 2013.
             The game lasted 02:44:54 (30929 turns).

JacquesDerrida the Impaler (Demonspawn Summoner)   Turns: 30929, Time: 02:44:54

HP -11/97        AC 25     Str 13      XL: 15   Next: 46%
MP   8/27        EV 16     Int 17      God: Ashenzari [*****.]
Gold 1943        SH  0     Dex 15      Spells:  6 memorised,  7 levels left

Res.Fire  : . . .   See Invis. : +   b - +3 orc bardiche (chop) (curse)
Res.Cold  : . . .   Warding    : .   d - +3 orc leather armour (curse)
Life Prot.: . . .   Conserve   : .   (no shield)
Res.Poison: +       Res.Corr.  : .   i - +1 helmet (curse)
Res.Elec. : .       Clarity    : +   F - +0 cloak
Sust.Abil.: . .     Spirit.Shd : .   k - +2 pair of gloves
Res.Mut.  : +       Stasis     : .   C - +0 pair of boots (curse)
Res.Rott. : .       Flight     : .   G - amulet of resist mutation
Saprovore : + . .                    l - cursed +4 ring of protection
                                     h - cursed ring of poison resistance

@: repel missiles, somewhat resistant to hostile enchantments, fairly stealthy
A: talons 1, powered by death 1, saprovore 1, AC +8
a: Scrying, Transfer Knowledge, Renounce Religion


You were on level 18 of the Dungeon.
You worshipped Ashenzari.
Ashenzari was extremely pleased with you.
You were near starving.

You visited 6 branches of the dungeon, and saw 33 of its levels.

You collected 2654 gold pieces.
You spent 731 gold pieces at shops.

Inventory:

Hand weapons
 b - a cursed +3,+3 orcish bardiche of chopping (weapon)
 B - a +3,+1 demon trident
 E - a +1,+0 halberd of flaming
 H - a cursed +2,+2 bardiche of dragon slaying
 J - the +11,+6 hand axe of an ossuary (quivered) {elec, rN+}
   (You found it on level 5 of the Dungeon)

   Occasionally, upon striking a foe, it will discharge some electrical energy
   and cause terrible harm.
   It protects you from negative energy.
Armour
 d - a cursed +3 orcish leather armour (worn)
 i - a cursed +1 helmet (worn)
 k - a +2 pair of gloves (worn)
 C - a cursed +0 pair of boots (worn)
 F - a +0 cloak (worn)
Magical devices
 p - a wand of draining (9)
 u - a wand of teleportation (4)
 y - a wand of invisibility (2)
 L - a wand of digging (11)
Comestibles
 c - 4 bread rations
 I - a meat ration
Scrolls
 a - a scroll of curse weapon
 j - a scroll of curse jewellery
 o - 6 scrolls of remove curse
 t - 2 scrolls of fog
 x - 2 scrolls of teleportation
 z - a scroll of silence
 A - 2 scrolls of identify
 D - 3 scrolls of magic mapping
 R - 2 scrolls of vulnerability
Jewellery
 f - an uncursed ring of wizardry
 h - a cursed ring of poison resistance (left hand)
 l - a cursed +4 ring of protection (right hand)
 G - an amulet of resist mutation (around neck)
Potions
 e - 2 potions of might
 g - 2 potions of resistance
 m - 2 potions of speed
 n - 2 potions of magic
 q - 3 potions of restore abilities
 s - a potion of invisibility
 N - 3 potions of curing
Books
 K - a Necronomicon {highlevel}

   This book is beyond your current level of understanding.

   Spells                             Type                      Level
   Borgnjor's Revivification          Necromancy                   7
   Haunt                              Necromancy/Summoning         7
   Death's Door                       Charms/Necromancy            8
   Necromutation                      Transmutation/Necromancy     8


   Skills:
 - Level 4.1 Fighting
 - Level 6.1 Axes
 + Level 18.4(22.7) Polearms
 - Level 1.8 Armour
 - Level 5.5(8.2) Dodging
 - Level 1.7(3.6) Stealth
 - Level 5.3 Spellcasting
 - Level 9.0(11.5) Charms
 - Level 8.9(11.4) Summonings
 - Level 7.3(10.0) Ice Magic


You had 7 spell levels left.
You knew the following spells:

 Your Spells              Type           Power        Failure   Level  Hunger
a - Summon Small Mammal   Summ           ####         1%          1    None
b - Call Imp              Summ           #####.....   1%          2    #......
c - Summon Ice Beast      Ice/Summ       #####.....   1%          4    ####...
d - Freezing Aura         Chrm/Ice       #####.....   1%          2    #......
e - Repel Missiles        Chrm/Air       ###.......   1%          2    #......
f - Haste                 Chrm           #####...     21%         6    #######


Dungeon Overview and Level Annotations

Branches:
Dungeon (18/27)            Temple (1/1) D:4             Orc (4/4) D:8
    Elf (0/3) Orc:4          Lair (8/8) D:9          Shoals (0/5) Lair:3
 Spider (1/5) Lair:5        Slime (0/6) Lair:7       Vaults (1/5) D:16

Altars:
Ashenzari
Cheibriados
Elyvilon
Fedhas
Kikubaaqudgha
Makhleb
Nemelex Xobeh
Okawaru
Sif Muna
Trog
Vehumet
Xom
Yredelemnul
Zin
the Shining One
Beogh

Shops:
D:6 !   D:9 (   D:16 }   Orc:4 ([!?/

Annotations:
Orc:4 Saint Roka


Innate Abilities, Weirdness & Mutations

You have sharp toenails.
You are completely covered in iridescent scales (AC +8).
You can steal the life force of nearby defeated enemies.
You can tolerate rotten meat.


Message History

Press: ? - help, Dir - move target cursor, f - dragon, p - red wasp
Aim: a dragon The red wasp is in the way.
You hit the red wasp.
The red wasp is moderately wounded.
The red wasp misses you.
Attack whom?
Press: ? - help, Dir - move target cursor, f - red wasp
Aim: a red wasp (moderately wounded)
You barely miss the red wasp.
The red wasp is moderately wounded.
The red wasp stings you!
* * * LOW HITPOINT WARNING * * *
Something closely misses your ice beast.
Something barely misses your ice beast. Something tramples your ice beast!
Your ice beast stumbles backwards!
The dragon breathes fire at you. The blast of flame hits you!
One of your 3 scrolls of identify catches fire!
One of your 4 scrolls of magic mapping catches fire!
You die...

.* #.(...I...# .
#....####.# . #....#
#.# . ###### #.# .*
#.# .** #.# * * . ,
#.# *** * ,, ,,* #.#
, *, ,,
*#########@###...# ,
.......I.%y........,,
* , **
..#####D#.####... , ,
.........%.......,,,
, , ****
...######....#. *
**,, , .#** * ,
*#....#* *** , ..,,,,
,,,,,,,,..?...., , ,
,** .# **#####,,
**#.###., , .##
#...#####...#** ,* *,
*


You could see a dragon, a red wasp and a friendly ice beast.

Vanquished Creatures
  4 vault guards (D:16)
  A dragon (D:11)
  A yaktaur captain (Vaults:1)
  A great orb of eyes (D:17)
  3 hydras
  A draconian (shapeshifter) (D:16)
  3 centaur warriors
  A catoblepas (D:16)
  2 skeletal warriors (D:14)
  5 unseen horrors
  A wolf spider (D:16)
  8 hill giants
  Joseph (Orc:1)
  A lindwurm (Lair:6)
  6 orc sorcerers
  An orc knight (D:17)
  4 griffons
  6 cyclopes
  A sixfirhy (Orc:4)
  4 elephants
  4 black mambas
  6 spiny frogs
  A mermaid (Lair:3)
  2 demonic crawlers (D:15)
  2 yaktaurs (Vaults:1)
  An efreet (D:13)
  7 komodo dragons
  A blue devil (Orc:4)
  A troll (shapeshifter) (D:16)
  A queen bee (D:8)
  2 giant leeches (D:15)
  Sonja (D:10)
  3 trolls
  A hydra skeleton (D:14)
  A two-headed ogre (D:14)
  6 blink frogs
  A trapdoor spider zombie (D:12)
  A harpy skeleton (D:16)
  11 slime creatures
  3 basilisks
  3 wraiths
  A trapdoor spider (D:14)
  8 ugly things
  A griffon skeleton (D:12)
  2 wyverns
  3 tarantellas
  4 shadows
  2 hungry ghosts
  2 hill giant zombies
  65 yaks
  A shark (D:11)
  7 hippogriffs
  15 wolves
  A hill giant skeleton (D:13)
  A deep elf fighter (D:9)
  3 vampire mosquitoes (D:17)
  An iron troll simulacrum (D:16)
  5 rock worms
  2 manticores
  4 necrophages
  21 orc warriors
  A soldier ant (D:15)
  2 phantoms
  9 porcupines
  4 giant goldfish (D:11)
  A kobold demonologist (D:16)
  2 ice beasts (D:5)
  7 hell hounds
  A black bear (D:11)
  2 sky beasts
  A human (D:7)
  5 ogres
  A black bear (shapeshifter) (Vaults:1)
  A boring beetle (Lair:5)
  Duvessa (D:6)
  3 brain worms
  2 big kobolds
  14 centaurs
  9 crocodiles
  5 wargs
  2 giant slugs
  11 water moccasins
  18 giant frogs
  8 agate snails
  A mottled dragon (D:15)
  A manticore zombie (D:10)
  A wyvern zombie (D:13)
  4 goliath beetles
  2 cyclops skeletons (D:14)
  An eye of draining (D:14)
  40 killer bees
  A yak zombie (D:13)
  3 jellyfish (D:11)
  A troll zombie (D:9)
  10 wights
  6 electric eels
  2 yak skeletons
  14 crimson imps
  4 fire bats (D:15)
  Dowan (D:6)
  3 jellies
  2 big fish
  19 hounds
  A giant frog zombie (D:13)
  A quasit (D:7)
  39 orc wizards
  A giant frog skeleton (D:6)
  A water moccasin zombie (D:8)
  38 orc priests
  10 worker ants
  7 iguanas
  4 scorpions
  An ogre zombie (Orc:3)
  Ijyb (D:2)
  4 sheep
  3 big kobold skeletons
  A mummy (D:11)
  22 adders
  16 green rats
  6 giant centipedes
  8 giant mites
  An inept feature mimic (D:5)
  9 worms
  3 giant eyeballs
  3 giant geckos
  3 oozes
  203 orcs
  3 ball pythons
  32 bats
  A bat skeleton (D:6)
  2 gnolls (D:5)
  21 goblins
  16 hobgoblins
  47 jackals
  8 giant cockroaches
  7 giant newts
  24 kobolds
  A kobold skeleton (D:6)
  2 orc skeletons
  6 orc zombies
  15 quokkas
  A quokka zombie (D:7)
  26 rats
  2 rat skeletons
  2 rat zombies
  5 ballistomycetes (D:12)
  5 fungi
  5 plants
1106 creatures vanquished.

Vanquished Creatures (collateral kills)
  Maud (D:14)
  5 hydras
  The ghost of bronies4ever the Grappler, a powerful TrMo of Okawaru (Lair:4)
  Josephine (Orc:3)
  2 hill giants
  A cyclops (D:17)
  2 black mambas
  5 elephants
  7 spiny frogs
  A fire drake (Lair:8)
  A komodo dragon (D:17)
  4 trolls
  9 blink frogs
  3 slime creatures (D:17)
  2 jumping spiders (Lair:5)
  A trapdoor spider zombie (D:13)
  A basilisk (Lair:1)
  4 sharks
  An air elemental (D:10)
  2 hippogriffs
  17 yaks
  2 wyverns
  2 ugly things
  A hill giant zombie (D:14)
  An elephant slug (Lair:8)
  3 orc warriors
  A porcupine (Lair:1)
  4 necrophages (Lair:7)
  2 wolves
  An ogre (D:5)
  A sky beast (D:5)
  A black bear (D:13)
  An ice beast (D:5)
  A phantom (D:4)
  A yellow wasp (D:10)
  2 centaurs (D:13)
  2 boring beetles
  A warg (Lair:8)
  A giant slug (Lair:2)
  2 giant frogs
  4 water moccasins
  A wyvern zombie (D:13)
  2 agate snails
  2 killer bees
  4 crimson imps
  3 electric eels
  2 goliath beetles
  A spider (Lair:5)
  4 orc priests
  An iguana (D:10)
  2 jellies (Lair:7)
  3 orc wizards
  A scorpion (Lair:5)
  3 sheep (Lair:4)
  A mummy (D:11)
  5 adders
  8 green rats
  2 gnolls (D:5)
  A worm (D:2)
  2 oozes (Lair:7)
  13 orcs
  A giant cockroach (Lair:5)
  6 jackals
  2 quokkas
  6 bats
  A giant gecko (Lair:6)
  A giant newt (D:5)
  2 goblins
  A jackal skeleton (D:4)
  A kobold (D:3)
  An orc skeleton (Orc:3)
  2 orc zombies (Orc:4)
  3 rats
  A fungus (Lair:4)
  2 plants
196 creatures vanquished.

Vanquished Creatures (others)
  An efreet (Lair:5)
  84 ice beasts
  5 crimson imps
  An iron imp (D:5)
  4 shadow imps
  4 white imps
  A grey rat (D:1)
  An orc (Orc:3)
  A jackal (Lair:6)
  A giant spore (D:12)
  A rat (D:3)
  4 fungi
108 creatures vanquished.

Grand Total: 1410 creatures vanquished

Notes
Turn   | Place    | Note
--------------------------------------------------------------
     0 | D:1      | JacquesDerrida, the Demonspawn Summoner, began the quest for the Orb.
     0 | D:1      | Reached XP level 1. HP: 13/13 MP: 3/3
   411 | D:1      | Gained mutation: You are partially covered in iridescent scales (AC +4). [demonic ancestry]
   411 | D:1      | Reached XP level 2. HP: 17/19 MP: 4/4
   445 | D:1      | Learned a level 2 spell: Call Imp
   736 | D:1      | Reached skill level 1 in Fighting
  1086 | D:2      | Noticed Ijyb
  1111 | D:2      | Reached XP level 3. HP: 21/24 MP: 2/6
  1433 | D:2      | Killed Ijyb
  1769 | D:3      | Found a shimmering altar of Xom.
  1790 | D:3      | Reached XP level 4. HP: 28/31 MP: 2/8
  1863 | D:3      | Learned a level 4 spell: Summon Ice Beast
  1911 | D:3      | Reached XP level 5. HP: 31/37 MP: 4/9
  2024 | D:3      | Reached skill level 1 in Ice Magic
  2693 | D:4      | Reached XP level 6. HP: 35/44 MP: 11/11
  2731 | D:4      | Got a heavily jewelled robe
  2744 | D:4      | Identified the +2 robe of Hedge Wizardry {Str+4 Int-3} (You found it on level 4 of the Dungeon)
  2771 | D:4      | Found a staircase to the Ecumenical Temple.
  2872 | Temple   | Entered the Ecumenical Temple
  3140 | Temple   | Became a worshipper of Ashenzari the Shackled
  3249 | D:4      | Reached skill level 5 in Summonings
  3856 | D:5      | Entered Level 5 of the Dungeon
  3938 | D:5      | Reached XP level 7. HP: 44/49 MP: 9/12
  4053 | D:5      | Reached skill level 1 in Polearms
  4387 | D:5      | Got the hand axe of an ossuary {elec, rN+}
  4388 | D:5      | Identified the +11,+6 hand axe of an ossuary {elec, rN+} (You found it on level 5 of the Dungeon)
  4392 | D:5      | Reached skill level 1 in Axes
  4473 | D:5      | Reached XP level 8. HP: 36/56 MP: 14/14
  4837 | D:5      | Paralysed by a giant eyeball for 3 turns
  4869 | D:5      | Found a basalt altar of Yredelemnul.
  4924 | D:5      | Found an iron altar of Okawaru.
  4925 | D:5      | Found a burning altar of Makhleb.
  5040 | D:5      | Reached skill level 5 in Axes
  5341 | D:6      | Reached skill level 6 in Axes
  5447 | D:6      | Noticed Duvessa
  5447 | D:6      | Noticed Dowan
  5451 | D:6      | Killed Duvessa
  5456 | D:6      | Killed Dowan
  5587 | D:6      | Found a bloodstained altar of Trog.
  5778 | D:6      | Found Elu Skon's Distillery.
  5787 | D:6      | Bought a potion of mutation for 30 gold pieces
  5787 | D:6      | Bought a potion of curing for 20 gold pieces
  5787 | D:6      | Bought a potion of agility for 25 gold pieces
  5791 | D:6      | Bought a potion of speed for 55 gold pieces
  5877 | D:7      | Reached skill level 5 in Ice Magic
  5884 | D:7      | Gained mutation: You are mostly covered in iridescent scales (AC +6). [demonic ancestry]
  5884 | D:7      | Reached XP level 9. HP: 51/61 MP: 15/15
  6065 | D:7      | Reached skill level 7 in Summonings
  6643 | D:8      | Reached skill level 8 in Summonings
  7695 | D:9      | Reached skill level 1 in Armour
  7735 | D:9      | Gained mutation: You are completely covered in iridescent scales (AC +8). [demonic ancestry]
  7735 | D:9      | Reached XP level 10. HP: 55/68 MP: 14/17
  7976 | D:9      | Found a staircase to the Lair.
  7982 | D:9      | Reached skill level 5 in Polearms
  7988 | Lair:1   | Entered Level 1 of the Lair of Beasts
  8211 | Lair:1   | Acquired Ashenzari's first power
  8342 | Lair:1   | Noticed a black mamba
  8353 | Lair:1   | Killed a black mamba
  9497 | Lair:2   | Reached skill level 9 in Polearms
 10211 | Lair:3   | Gained mutation: You can steal the life force of nearby defeated enemies. [demonic ancestry]
 10211 | Lair:3   | Reached XP level 11. HP: 61/73 MP: 10/18
 10261 | Lair:3   | Found a staircase to the Shoals.
 10427 | Lair:4   | Reached skill level 5 in Dodging
 10478 | Lair:4   | Acquired Ashenzari's second power
 10480 | Lair:4   | Identified the ring "Hatag" {+Blink Dex+3}
 11039 | Lair:4   | Noticed bronies4ever's ghost (powerful TrMo)
 11329 | Lair:4   | Killed bronies4ever's ghost
 11335 | Lair:4   | Reached skill level 10 in Polearms
 11497 | Lair:4   | Noticed an eight-headed hydra
 11507 | Lair:4   | Killed an eight-headed hydra
 11716 | Lair:5   | Found a hole to the Spider Nest.
 11987 | Lair:5   | Reached skill level 11 in Polearms
 12371 | Lair:5   | Reached XP level 12. HP: 80/80 MP: 21/21
 12901 | Lair:6   | Reached skill level 12 in Polearms
 13356 | Lair:6   | Got the uncursed ring mail of Qeafycef {rF+ Curse}
 13358 | Lair:6   | Identified the +0 ring mail of Qeafycef {rF+ Curse} (You found it on level 6 of the Lair of Beasts)
 13460 | Lair:6   | Noticed an eight-headed hydra
 13499 | Lair:6   | Killed a four-headed hydra
 13707 | Lair:7   | Noticed an eight-headed hydra
 13719 | Lair:7   | Killed a four-headed hydra
 13739 | Lair:7   | Reached skill level 13 in Polearms
 14072 | Lair:7   | Found a staircase to the Slime Pits.
 14124 | Lair:7   | Reached skill level 14 in Polearms
 14410 | Lair:8   | Entered Level 8 of the Lair of Beasts
 14580 | Lair:8   | Gained mutation: You can tolerate rotten meat. [demonic ancestry]
 14580 | Lair:8   | Reached XP level 13. HP: 25/85 MP: 8/22
 14772 | Lair:8   | Acquired Ashenzari's third power
 15280 | Lair:8   | Reached skill level 15 in Polearms
 15978 | D:8      | Found a roughly hewn altar of Beogh.
 15980 | D:8      | Found a staircase to the Orcish Mines.
 16223 | Orc:1    | Entered Level 1 of the Orcish Mines
 16334 | Orc:1    | Noticed Joseph
 16350 | Orc:1    | Killed Joseph
 17168 | Orc:3    | Found a burning altar of Makhleb.
 17248 | Orc:3    | Noticed Josephine
 17262 | Orc:3    | Killed Josephine
 17469 | Orc:4    | Entered Level 4 of the Orcish Mines
 17469 | Orc:4    | Found a staircase to the Elven Halls.
 17648 | Orc:4    | Found a roughly hewn altar of Beogh.
 17698 | Orc:4    | Found Reameuff's Magic Scroll Emporium.
 17891 | Orc:4    | Found a roughly hewn altar of Beogh.
 17921 | Orc:4    | Found a roughly hewn altar of Beogh.
 18021 | Orc:4    | Found a roughly hewn altar of Beogh.
 18060 | Orc:4    | Found a roughly hewn altar of Beogh.
 18070 | Orc:4    | Found Anoafil's Distillery.
 18237 | Orc:4    | Found a roughly hewn altar of Beogh.
 18240 | Orc:4    | Found Voanlot's Magical Wand Shop.
 18287 | Orc:4    | Found a roughly hewn altar of Beogh.
 18435 | Orc:4    | Reached skill level 16 in Polearms
 18670 | Orc:4    | Noticed Saint Roka
 18735 | Orc:3    | runewalsh: http://2ch.hk/gd/src/1378816573247.png
 18735 | Orc:3    | JacquesDerrida: че за сайт
 18735 | Orc:3    | runewalsh: Не бей ногами, я-рисую-как-программист, но я старался :c
 18735 | Orc:3    | JacquesDerrida: ну месяца два ей уже
 19029 | D:8      | runewalsh: В тот раз не показал же.
 19032 | D:8      | JacquesDerrida: kakoy raz
 19105 | D:9      | Learned a level 2 spell: Freezing Aura
 19108 | D:9      | Learned a level 2 spell: Repel Missiles
 19162 | D:9      | runewalsh: Когда я такой к тебе пришёл с недорисованной.
 19172 | D:9      | Found Eklow's Antique Weapon Boutique.
 19179 | D:9      | runewalsh: Теперь меню запилить и круто будет.
 19179 | D:9      | JacquesDerrida: ne bylo takovo......
 19179 | D:9      | Bought a runed executioner's axe for 210 gold pieces
 19226 | D:9      | runewalsh: Давно, да, летом ещё.
 19297 | Lair:1   | JacquesDerrida: http://www.youtube.com/watch?v=iVGh0DhzHic
 19297 | Lair:1   | JacquesDerrida: )))
 19327 | D:10     | Entered Level 10 of the Dungeon
 19390 | D:10     | Noticed Sonja
 19423 | D:10     | JacquesDerrida: http://vk.com/away.php?utf=1&to=https%3A%2F%2Fwww.google.ru%2Fsearch%3Fq%3D%25D0%25BF%25D0%25B8%25D0%25B7%25D0%25B4%25D0%25B0%2B%25D1%2581%25D1%2582%25D0%25B0%25D0%25BB%25D0%25B8%25D0%25BD%25D0%25B0%26ie%3Dutf-8%26oe%3Dutf-8%26rls%3Dorg.mozilla%3Aru%3Aofficial%26client%3Dfirefox-a%26channel%3Dfflb%26gws_rd%3Dcr%26ei%3Df1QzUtqjF4bi4QTX14GYCg
 19423 | D:10     | JacquesDerrida: БЛИН
 19423 | D:10     | JacquesDerrida: (((
 19423 | D:10     | JacquesDerrida: https://www.google.ru/search?client=opera&q=%D0%BF%D0%B8%D0%B7%D0%B4%D0%B0+%D1%81%D1%82%D0%B0%D0%BB%D0%B8%D0%BD%D0%B0&sourceid=opera&ie=utf-8&oe=utf-8&channel=suggest
 19424 | D:10     | Reached skill level 1 in Charms
 19426 | D:10     | Killed Sonja
 19685 | D:10     | Learned a level 4 spell: Summon Elemental
 19981 | D:11     | Acquired Ashenzari's fourth power
 20900 | D:11     | Gained mutation: You have sharp toenails. [demonic ancestry]
 20900 | D:11     | Reached XP level 14. HP: 92/92 MP: 23/23
 21944 | Lair:1   | Learned a level 6 spell: Haste
 22172 | D:13     | Reached skill level 5 in Charms
 22529 | D:13     | Reached skill level 5 in Spellcasting
 22937 | D:14     | Entered Level 14 of the Dungeon
 23518 | Orc:4    | Found a roughly hewn altar of Beogh.
 23518 | Orc:4    | Found Uhiuh's Antique Armour Shop.
 23522 | Orc:4    | Found Jurausk's Antique Weapon Boutique.
 23533 | Orc:4    | Bought a shiny shield for 130 gold pieces
 23541 | Orc:4    | Bought a twisted quarterstaff for 261 gold pieces
 23546 | Orc:4    | Identified the +5,+7 quarterstaff "Suall" {crush, rElec rC+ MR++} (You bought it in a shop on level 4 of the Orcish Mines)
 24433 | D:14     | Noticed Maud
 24480 | D:14     | Killed Maud
 24930 | D:14     | Upgraded the game from 0.13-a0-3016-gcb2faac to 0.13-a0-3073-ga7cf4ae
 25312 | D:15     | Entered Level 15 of the Dungeon
 26079 | D:15     | Found a glowing golden altar of the Shining One.
 26507 | D:15     | Reached skill level 17 in Polearms
 26611 | D:16     | Upgraded the game from 0.13-a0-3073-ga7cf4ae to 0.13-a0-3133-gec0fa00
 26718 | D:16     | Found Reilutha's Gadget Emporium.
 26992 | D:16     | Found a staircase to the Vaults.
 27140 | D:16     | Reached XP level 15. HP: 57/97 MP: 27/27
 28135 | Vaults:1 | Entered Level 1 of the Vaults
 28938 | Spider:1 | Entered Level 1 of the Spider Nest
 29613 | D:17     | Reached skill level 18 in Polearms
 29958 | D:17     | Identified a scroll of acquirement
 29965 | D:17     | Found a snail-covered altar of Cheibriados.
 30929 | D:18     | Killed from afar by a dragon

Action                   |  1- 3 |  4- 6 |  7- 9 | 10-12 | 13-15 || total
-------------------------+-------+-------+-------+-------+-------++-------
Melee: Short sword       |   179 |    40 |       |       |       ||   219
       Dagger            |       |   148 |    28 |       |       ||   176
       Halberd           |       |       |    58 |    12 |    91 ||   161
       Hand axe          |       |       |   328 |   743 |  1217 ||  2288
       Demon trident     |       |       |       |       |   892 ||   892
       Bardiche          |       |       |       |       |   146 ||   146
 Fire: Blowgun           |       |     9 |       |       |       ||     9
 Cast: Summon Small Mamm |     6 |       |     2 |       |       ||     8
       Call Imp          |     9 |    25 |    25 |     4 |       ||    63
       Summon Ice Beast  |       |       |     3 |    75 |   103 ||   181
       Repel Missiles    |       |       |       |       |    17 ||    17
       Summon Elemental  |       |       |       |       |     1 ||     1
       Freezing Aura     |       |       |       |       |    41 ||    41
       Haste             |       |       |       |       |     5 ||     5
Evoke: Wand              |       |       |    12 |    17 |    19 ||    48
       Miscellaneous     |       |       |       |     1 |       ||     1
  Use: Potion            |       |     3 |     8 |     4 |    17 ||    32
       Scroll            |       |     6 |     9 |     8 |    18 ||    41
 Stab: Sleeping          |     5 |     2 |     7 |     9 |    18 ||    41
       Distracted        |       |     1 |     1 |    10 |    16 ||    28
       Paralysed         |       |       |     1 |       |       ||     1
